 Dungeon Crawl Stone Soup version 0.29-a0-106-g0a07039d5a (webtiles) character file.

Game seed: 18371102771539473356

9 Pranoob the Insei (level 2, 0/23 HPs)
             Began as a Gnoll Transmuter on Feb 11, 2022.
             Constricted to death by a ball python (1 damage)
             ... on level 1 of the Dungeon on Feb 16, 2022.
             The game lasted 00:06:03 (583 turns).

Pranoob the Insei (Gnoll Transmuter)                 Turns: 583, Time: 00:06:03

Health: 0/23       AC:  2    Str:  9    XL:     2   Next: 16%
Magic:  7/7        EV: 10    Int: 12    God:
Gold:   0          SH:  0    Dex: 12    Spells: 9/10 levels left

rFire   . . .      SeeInvis .     - Unarmed
rCold   . . .      Faith    .   (no shield)
rNeg    . . .      Spirit   .   a - +0 robe
rPois   .          Reflect  .   (no helmet)
rElec   .          Harm     .   (no cloak)
rCorr   .          Rampage  .   (no gloves)
Will    .....                   (no boots)
Stlth   +.........              (no amulet)
HPRegen 0.07/turn               (no ring)
MPRegen 0.10/turn               (no ring)

@: constricted
A: fangs 1, strong nose, distributed training
a: no special abilities


You were on level 1 of the Dungeon.
You visited 1 branch of the dungeon, and saw 1 of its levels.

Inventory:

Hand Weapons
 e - a +0 short sword
 f - a +0 dagger
Missiles
 d - 44 stones
 g - 15 bolts
Armour
 a - a +0 robe (worn)
 c - a +0 leather armour
Scrolls
 b - a scroll of fear {unknown}
Potions
 h - a potion of curing {unknown}


   Skills:
 + Level 2.4 Fighting
 + Level 0.3 Short Blades
 + Level 0.3 Long Blades
 + Level 0.3 Axes
 + Level 0.3 Maces & Flails
 + Level 0.3 Polearms
 + Level 0.3 Staves
 + Level 0.3 Slings
 + Level 0.3 Bows
 + Level 0.3 Crossbows
 + Level 0.3 Throwing
 + Level 0.3 Armour
 + Level 4.4 Dodging
 + Level 0.3 Stealth
 + Level 0.3 Shields
 + Level 6.4 Unarmed Combat
 + Level 4.9 Spellcasting
 + Level 0.2 Conjurations
 + Level 0.2 Hexes
 + Level 0.2 Summonings
 + Level 0.2 Necromancy
 + Level 0.2 Translocations
 + Level 3.7 Transmutations
 + Level 0.2 Fire Magic
 + Level 0.2 Ice Magic
 + Level 0.2 Air Magic
 + Level 0.2 Earth Magic
 + Level 0.2 Poison Magic
 + Level 0.4 Invocations
 + Level 0.3 Evocations


You had 9 spell levels left.
You knew the following spells:

 Your Spells              Type           Power      Damage    Failure   Level
a - Beastly Appendage     Tmut           22%        N/A       4%          1

Your spell library contained the following spells:

 Spells                   Type           Power      Damage    Failure   Level
 Wereblood                Tmut           11%        N/A       7%          2
 Spider Form              Tmut/Pois      7%         N/A       26%         3
 Ice Form                 Ice/Tmut       7%         N/A       65%         4


Dungeon Overview and Level Annotations

Branches:
Dungeon (1/15)

Altars:


Innate Abilities, Weirdness & Mutations

You have very sharp teeth.
Your uncanny sense of smell can sniff out nearby items.
Your experience applies equally to all skills.


Message History

You punch the bat!
You kill the bat!
You swing at nothing.
You swing at nothing.
The ball python misses you. The ball python completely misses you.
You swing at nothing.
The ball python barely misses you. The ball python misses you.
The ball python barely misses you. The ball python closely misses you.
You swing at nothing.
The ball python closely misses you. The ball python grabs you.
The ball python constricts you.
You swing at nothing.
The ball python completely misses you. The ball python constricts you.
You swing at nothing.
The ball python bites you. The ball python constricts you.
You swing at nothing.
The ball python completely misses you. The ball python constricts you.
You swing at nothing.
The ball python barely misses you. The ball python constricts you.
You swing at nothing.
The ball python bites you. The ball python constricts you.
* * * LOW HITPOINT WARNING * * *
You swing at nothing.
The ball python misses you. The ball python constricts you.
You swing at nothing.
The ball python bites you.
* * * LOW HITPOINT WARNING * * *
The ball python constricts you.
* * * LOW HITPOINT WARNING * * *
You swing at nothing.
The ball python bites you.
* * * LOW HITPOINT WARNING * * *
The ball python constricts you.
You swing at nothing.
The ball python bites you.
* * * LOW HITPOINT WARNING * * *
The ball python constricts you.
You swing at nothing.
The ball python bites you.
* * * LOW HITPOINT WARNING * * *
The ball python constricts you.
You swing at nothing.
The ball python bites you but does no damage.
The ball python constricts you.
You die...

##+##
#.#.#.##.#
#.#.#.# .#
#.#.#.##.#
###.#......#
...........#
##.####.####
#.# #.#
#.###.####.#
#...S@.....#
........######
........#
#########


You could see a ball python.

Vanquished Creatures
  A dart slug (D:1)
  A ball python (D:1)
  A goblin (D:1)
  A hobgoblin (D:1)
  A bat (D:1)
  2 kobolds (D:1)
  A rat (D:1)
8 creatures vanquished.

Notes
Turn   | Place    | Note
-------+----------+-------------------------------------------
     0 | D:1      | Pranoob the Gnoll Transmuter began the quest for the Orb.
     0 | D:1      | Reached XP level 1. HP: 17/17 MP: 6/6
   370 | D:1      | Reached XP level 2. HP: 23/23 MP: 5/7
   531 | D:1      | Upgraded the game from 0.29-a0-96-g93358da72b to
                  | 0.29-a0-106-g0a07039d5a
   582 | D:1      | HP: 1/23 [ball python (1)]
   583 | D:1      | Constricted to death by a ball python

Illustrated notes

Levels and vault maps discovered:
D:1:      dpeg_arrival_water_temple_mockup, layout_loops_corners,
          basic_ecumenical_altar

Action                   || total
-------------------------++-------
Melee: Unarmed           ||    21
       Kick              ||     2
       Punch             ||     2
       Headbutt          ||     1
       Bite              ||     1
 Cast: Beastly Appendage ||     5
Armor: Robe              ||    12
Dodge: Dodged            ||    40

Table legend: (Time is in decaauts)
 A = Elapsed time spent in this place.
 B = Non-inter-level travel time spent in this place.
 C = Inter-level travel time spent in this place.
 D = Time resting spent in this place.
 E = Time spent auto-exploring this place.
 F = Levels seen in this place.
 G = Mean time per level.
                   A        B        C        D        E       F      G
               +--------+--------+--------+--------+--------+-----+--------+
         Total |    578 |    513 |     65 |      0 |      0 |   1 |  578.0 |
       Dungeon |    578 |    513 |     65 |      0 |      0 |   1 |  578.0 |
               +--------+--------+--------+--------+--------+-----+--------+

Top non-repeatable levels by time:
     D:1: 578 daAuts
